Lightning vs Sharks
Created - December 5, 2025 at 19:25
Goals
|
| Lightning |
1 |
0 |
0 |
0 |
1 |
| Sharks |
0 |
0 |
1 |
1 |
2 |
|
Shots
|
| Lightning |
15 |
3 |
8 |
0 |
26 |
| Sharks |
13 |
3 |
10 |
2 |
28 |
|
1st period
1. Lightning , Jonathan Drouin 2 (Alex DeBrincat 5, Kyle Connor 4) at 13:09
Penalties :
No Penalty
2nd period
No Goal
Penalties :
Ben Smith (S.J) for Roughing (Minor) at 2:26, Greg Stewart (S.J) for Hooking (Minor) at 8:43
3rd period
2. Sharks , Devin Shore 4 (William Carrier 2, Markus Nutivaara 10) at 12:24
Penalties :
Jean-Sebastien Dea (T.B) for Tripping (Minor) at 2:33, Joel Eriksson Ek (T.B) for Tripping (Minor) at 6:07, Joel Eriksson Ek (T.B) for Tripping (Minor) at 13:57, Connor Murphy (S.J) for Cross-checking (Minor) at 16:51
Overtime #1
3. Sharks , Conor Sheary 9 (Brandon Carlo 8) at 0:36
Penalties :
No Penalty
Goalie Stats
Alex Nedeljkovic (T.B), 26 saves from 28 shots - (0.929), OTL, 2-5-1, 60:36 minutes
Malcolm Subban (S.J), 25 saves from 26 shots - (0.962), W, 4-1-0, 60:36 minutes
Players Stats for Lightning
Player Name G A P +/- PIM S H SB GA TA FO MP PP MP PK MP
------------------------------------------------------------------------------------
Alex DeBrincat 0 1 1 1 0 0 3 0 2 1 0/0 18:10 1:59 0:00
Anthony Cirelli 0 0 0 0 0 2 0 0 0 0 1/3 17:45 3:06 1:54
Ben Hutton 0 0 0 -1 0 2 0 1 1 0 0/0 25:51 2:56 3:23
Brandon Hagel 0 0 0 0 0 0 0 0 0 0 0/0 6:32 0:00 0:00
Dmitry Sinitsyn 0 0 0 -2 0 1 6 5 0 1 0/0 26:27 2:56 3:23
Gustav Lindstrom 0 0 0 0 0 0 1 0 0 0 0/0 14:08 0:00 0:01
Jean-Sebastien Dea 0 0 0 -1 2 3 1 0 0 0 1/4 11:55 0:00 0:00
Jesper Fast 0 0 0 0 0 0 1 0 0 0 0/0 7:52 0:38 0:00
Joel Eriksson Ek 0 0 0 1 4 1 3 0 0 0 5/10 18:56 1:59 0:03
Jonathan Drouin 1 0 1 0 0 6 3 0 1 0 2/2 19:55 1:59 1:19
Kyle Connor 0 1 1 -1 0 2 0 0 1 0 0/0 13:07 0:59 0:00
Lawson Crouse 0 0 0 -1 0 0 0 1 1 0 2/11 24:08 3:03 3:37
Max Friberg 0 0 0 -1 0 0 1 0 0 0 0/0 13:35 0:00 1:15
Maxime Comtois 0 0 0 0 0 1 1 0 0 0 0/0 3:29 1:02 0:00
Mirco Mueller 0 0 0 1 0 2 1 1 0 3 0/0 20:01 3:01 2:33
Miro Heiskanen 0 0 0 1 0 2 3 1 0 0 0/0 20:10 3:01 2:34
Ryan Lindgren 0 0 0 0 0 2 0 1 0 0 0/0 13:59 0:00 0:00
Sean Monahan 0 0 0 0 0 2 2 0 3 0 10/19 19:48 3:06 3:46
Players Stats for Sharks
Player Name G A P +/- PIM S H SB GA TA FO MP PP MP PK MP
------------------------------------------------------------------------------------
Ben Smith 0 0 0 0 2 5 1 0 1 1 0/0 21:45 3:29 1:10
Boone Jenner 0 0 0 1 0 3 4 0 1 1 10/15 16:44 2:28 2:32
Brandon Carlo 0 1 1 0 0 0 0 2 0 3 0/0 27:28 2:54 3:27
Brendan Gaunce 0 0 0 -1 0 1 0 0 0 0 1/2 9:48 0:00 1:50
Charlie McAvoy 0 0 0 0 0 0 0 2 0 1 0/0 12:49 0:00 0:07
Connor Murphy 0 0 0 1 2 0 0 0 0 1 0/0 19:14 3:03 1:29
Conor Sheary 1 0 1 1 0 3 2 0 0 0 1/2 15:23 2:28 1:14
Devin Shore 1 0 1 1 0 2 0 0 1 0 1/2 12:24 0:00 0:00
Drew Doughty 0 0 0 -1 0 3 2 2 1 1 0/0 27:13 2:54 3:01
Greg Stewart 0 0 0 0 2 3 2 1 0 0 0/1 21:36 3:29 1:09
Kurtis Macdermid 0 0 0 0 0 1 1 0 0 0 0/1 15:17 2:28 1:15
MacKenzie Weegar 0 0 0 0 0 1 0 2 1 1 0/0 13:30 0:00 1:01
Markus Nutivaara 0 1 1 1 0 2 0 2 0 0 0/0 20:33 3:03 2:49
Max Domi 0 0 0 0 0 3 1 0 0 0 15/24 22:36 3:29 2:18
Nail Yakupov 0 0 0 1 0 1 1 0 0 0 0/1 12:06 0:00 0:00
Oscar Sundqvist 0 0 0 -1 0 0 0 0 0 0 0/0 7:48 0:00 0:00
Vince Hinostroza 0 0 0 -1 0 0 0 0 0 0 0/0 7:16 0:00 0:00
William Carrier 0 1 1 1 0 0 0 0 0 0 0/1 12:18 0:00 0:26
3 Stars
1 - Malcolm Subban (S.J)
2 - Conor Sheary (S.J)
3 - Devin Shore (S.J)
Power Play
Lightning - 0 on 3 Attempt(s) - 0.00%
Sharks - 0 on 3 Attempt(s) - 0.00%
Penalty Kill
Lightning - 3 on 3 Attempt(s) - 100.00%
- Score 0 goal in Penalty Kill
Sharks - 3 on 3 Attempt(s) - 100.00%
- Score 0 goal in Penalty Kill
Team Stat
Lightning - Hits : 26 - Faceoff Wins : 21 - Blocked Shots : 10 - Penalty Minutes : 6
Sharks - Hits : 14 - Faceoff Wins : 28 - Blocked Shots : 11 - Penalty Minutes : 6
Official
Referees : Conor O'Donnell and Kyle Rehman
Linesman : Travis Gawryletz and Andrew Smith
Game Notes
No Game Note
Finance
Level 1 -- Attendance: 5600 (93.33%) -- Ticket Income $560,000
Level 2 -- Attendance: 4820 (96.40%) -- Ticket Income $337,400
Level 3 -- Attendance: 2000 (100.00%) -- Ticket Income $80,000
Level 4 -- Attendance: 3582 (89.55%) -- Ticket Income $107,460
Luxury Box -- Attendance: 917 (91.70%) -- Ticket Income $183,400
Game was played at the SAP Center.
Total Attendance: 16919 (93.99%)
Total Ticket Income: $1,268,260
Other Income: $190,239
Total Income: $1,458,499
Lightning
5 vs 5 Forward
Center Left Wing Right Wing Time % Phy DF OF
1 Sean Monahan Anthony Cirelli Lawson Crouse 40 1 2 2
2 Joel Eriksson Ek Jonathan Drouin Alex DeBrincat 30 1 2 2
3 Jean-Sebastien Dea Kyle Connor Max Friberg 20 1 2 2
4 Lawson Crouse Brandon Hagel Jesper Fast 10 1 2 2
5 vs 5 Defense
Defense Defense Time % Phy DF OF
1 Dmitry Sinitsyn Ben Hutton 40 1 2 2
2 Mirco Mueller Miro Heiskanen 30 1 2 2
3 Ryan Lindgren Gustav Lindstrom 20 1 2 2
4 Dmitry Sinitsyn Ben Hutton 10 1 2 2
PowerPlay Forward
Center Left Wing Right Wing Time % Phy DF OF
1 Sean Monahan Anthony Cirelli Lawson Crouse 60 1 2 2
2 Joel Eriksson Ek Jonathan Drouin Alex DeBrincat 40 1 2 2
PowerPlay Defense
Defense Defense Time % Phy DF OF
1 Dmitry Sinitsyn Ben Hutton 60 1 2 2
2 Mirco Mueller Miro Heiskanen 40 1 2 2
Penalty Kill 4 Players Forward
Center Wing Time % Phy DF OF
1 Lawson Crouse Sean Monahan 60 1 2 2
2 Anthony Cirelli Jonathan Drouin 40 1 2 2
Penalty Kill 4 Players Defense
Defense Defense Time % Phy DF OF
1 Dmitry Sinitsyn Ben Hutton 60 1 2 2
2 Mirco Mueller Miro Heiskanen 40 1 2 2
Penalty Kill - 3 Players Forward
Forward Time % Phy DF OF
1 Lawson Crouse 60 1 2 2
2 Sean Monahan 40 1 2 2
Penalty Kill - 3 Players Defense
Defense Defense Time % Phy DF OF
1 Dmitry Sinitsyn Ben Hutton 60 1 2 2
2 Mirco Mueller Miro Heiskanen 40 1 2 2
4 vs 4 Forward
Center Wing Time % Phy DF OF
1 Lawson Crouse Sean Monahan 60 1 2 2
2 Anthony Cirelli Jonathan Drouin 40 1 2 2
4 vs 4 Defense
Defense Defense Time % Phy DF OF
1 Dmitry Sinitsyn Ben Hutton 60 1 2 2
2 Mirco Mueller Miro Heiskanen 40 1 2 2
Last Minutes Offensive
Center Left Wing Right Wing Defense Defense
Sean Monahan Anthony Cirelli Lawson Crouse Dmitry Sinitsyn Ben Hutton
Last Minutes Defensive
Center Left Wing Right Wing Defense Defense
Sean Monahan Anthony Cirelli Lawson Crouse Dmitry Sinitsyn Ben Hutton
Goaltenders
Starting : Alex Nedeljkovic
Backup : Anton Forsberg
Extra Forwards
Normal : Maxime Comtois, Kyle Connor, Max Friberg - PP : Maxime Comtois, Kyle Connor - PK : Max Friberg
Extra Defensemen
Normal : Ryan Lindgren, Gustav Lindstrom, Mirco Mueller - PP : Ryan Lindgren - PK : Gustav Lindstrom, Mirco Mueller
Penalty Shots
Lawson Crouse, Sean Monahan, Anthony Cirelli, Jonathan Drouin, Alex DeBrincat
Custom OT Lines Forwards
Lawson Crouse, Sean Monahan, Anthony Cirelli, Jonathan Drouin, Alex DeBrincat, Joel Eriksson Ek, Kyle Connor, Max Friberg, Brandon Hagel, Jean-Sebastien Dea
Custom OT Lines Defensemen
Dmitry Sinitsyn, Ben Hutton, Mirco Mueller, Miro Heiskanen, Ryan Lindgren
Scratches
Jeff Schultz (Left Wrist Injury), Connor Bunnaman (Healthy), Pyotr Kochetkov (Healthy)
Sharks
5 vs 5 Forward
Center Left Wing Right Wing Time % Phy DF OF
1 Max Domi Greg Stewart Ben Smith 40 1 2 2
2 Boone Jenner Kurtis Macdermid Conor Sheary 30 1 2 2
3 Devin Shore William Carrier Nail Yakupov 20 1 2 2
4 Brendan Gaunce Oscar Sundqvist Vince Hinostroza 10 1 2 2
5 vs 5 Defense
Defense Defense Time % Phy DF OF
1 Brandon Carlo Drew Doughty 40 1 2 2
2 Markus Nutivaara Connor Murphy 30 1 2 2
3 Charlie McAvoy MacKenzie Weegar 20 1 2 2
4 Brandon Carlo Drew Doughty 10 1 2 2
PowerPlay Forward
Center Left Wing Right Wing Time % Phy DF OF
1 Max Domi Greg Stewart Ben Smith 60 1 2 2
2 Boone Jenner Kurtis Macdermid Conor Sheary 40 1 2 2
PowerPlay Defense
Defense Defense Time % Phy DF OF
1 Brandon Carlo Drew Doughty 60 1 2 2
2 Markus Nutivaara Connor Murphy 40 1 2 2
Penalty Kill 4 Players Forward
Center Wing Time % Phy DF OF
1 Max Domi Ben Smith 60 1 2 2
2 Boone Jenner Conor Sheary 40 1 2 2
Penalty Kill 4 Players Defense
Defense Defense Time % Phy DF OF
1 Brandon Carlo Drew Doughty 60 1 2 2
2 Markus Nutivaara Connor Murphy 40 1 2 2
Penalty Kill - 3 Players Forward
Forward Time % Phy DF OF
1 Max Domi 60 1 2 2
2 Ben Smith 40 1 2 2
Penalty Kill - 3 Players Defense
Defense Defense Time % Phy DF OF
1 Brandon Carlo Drew Doughty 60 1 2 2
2 Markus Nutivaara Connor Murphy 40 1 2 2
4 vs 4 Forward
Center Wing Time % Phy DF OF
1 Max Domi Ben Smith 60 1 2 2
2 Boone Jenner Conor Sheary 40 1 2 2
4 vs 4 Defense
Defense Defense Time % Phy DF OF
1 Brandon Carlo Drew Doughty 60 1 2 2
2 Markus Nutivaara Connor Murphy 40 1 2 2
Last Minutes Offensive
Center Left Wing Right Wing Defense Defense
Max Domi Greg Stewart Ben Smith Brandon Carlo Drew Doughty
Last Minutes Defensive
Center Left Wing Right Wing Defense Defense
Max Domi Greg Stewart Ben Smith Brandon Carlo Drew Doughty
Goaltenders
Starting : Malcolm Subban
Backup : Philipp Grubauer
Extra Forwards
Normal : Oscar Sundqvist, Devin Shore, Brendan Gaunce - PP : Oscar Sundqvist, Devin Shore - PK : Brendan Gaunce
Extra Defensemen
Normal : Charlie McAvoy, MacKenzie Weegar, Markus Nutivaara - PP : Charlie McAvoy - PK : MacKenzie Weegar, Markus Nutivaara
Penalty Shots
Max Domi, Ben Smith, Boone Jenner, Conor Sheary, Devin Shore
Custom OT Lines Forwards
Max Domi, Ben Smith, Boone Jenner, Conor Sheary, Devin Shore, Brendan Gaunce, Oscar Sundqvist, Nail Yakupov, Greg Stewart, Vince Hinostroza
Custom OT Lines Defensemen
Brandon Carlo, Drew Doughty, Markus Nutivaara, Connor Murphy, Charlie McAvoy
Scratches
Ronalds Kenins (Healthy)
% Time on Ice - Lightning
Lines # - Real PCT - Wanted PCT - Time Play
Normal Forward
1 - 28% - 40% - 13:35
2 - 34% - 30% - 16:11
3 - 25% - 20% - 11:48
4 - 14% - 10% - 6:32
Normal Defense
1 - 37% - 40% - 17:46
2 - 31% - 30% - 14:55
3 - 28% - 20% - 13:31
4 - 4% - 10% - 1:54
PP Forward
1 - 67% - 60% - 3:58
2 - 33% - 40% - 1:59
PP Defense
1 - 49% - 60% - 2:56
2 - 51% - 40% - 3:01
PK Forward
1 - 79% - 60% - 4:41
2 - 21% - 40% - 1:16
PK Defense
1 - 57% - 60% - 3:24
2 - 43% - 40% - 2:33
PK3 Forward
1 - 0% - 60%
2 - 0% - 40%
PK3 Defense
1 - 0% - 60%
2 - 0% - 40%
44 Forward
1 - 0% - 60%
2 - 0% - 40%
44 Defense
1 - 0% - 60%
2 - 0% - 40%
Last Minute Offensive - 0:00
Last Minute Defensive - 0:00
Total
Forward - 60:00
Defense - 60:00
|
% Time on Ice - Sharks
Lines # - Real PCT - Wanted PCT - Time Play
Normal Forward
1 - 36% - 40% - 17:33
2 - 24% - 30% - 11:25
3 - 25% - 20% - 11:52
4 - 15% - 10% - 7:16
Normal Defense
1 - 40% - 40% - 19:22
2 - 32% - 30% - 15:30
3 - 23% - 20% - 11:18
4 - 4% - 10% - 1:56
PP Forward
1 - 59% - 60% - 3:29
2 - 41% - 40% - 2:28
PP Defense
1 - 49% - 60% - 2:54
2 - 51% - 40% - 3:03
PK Forward
1 - 79% - 60% - 4:43
2 - 21% - 40% - 1:14
PK Defense
1 - 51% - 60% - 3:01
2 - 49% - 40% - 2:56
PK3 Forward
1 - 0% - 60%
2 - 0% - 40%
PK3 Defense
1 - 0% - 60%
2 - 0% - 40%
44 Forward
1 - 0% - 60%
2 - 0% - 40%
44 Defense
1 - 0% - 60%
2 - 0% - 40%
Last Minute Offensive - 0:00
Last Minute Defensive - 0:00
Total
Forward - 60:00
Defense - 60:00
|
Play-by-Play
1st period
0:01 of 1st period - Sean Monahan wins face-off versus Max Domi in neutral zone.
0:06 of 1st period - Slapshot by Anthony Cirelli.
0:06 of 1st period - Shot Misses the Net.
0:08 of 1st period - Wrist shot by Ben Hutton.
0:08 of 1st period - Stopped by Malcolm Subban with a rebound.
0:10 of 1st period - Snap shot by Dmitry Sinitsyn.
0:10 of 1st period - Stopped by Malcolm Subban with a rebound.
0:12 of 1st period - Slapshot by Dmitry Sinitsyn.
0:12 of 1st period - Shot Misses the Net.
0:14 of 1st period - Slapshot by Ben Hutton.
0:14 of 1st period - Stopped by Malcolm Subban with a rebound.
0:16 of 1st period - Slapshot by Anthony Cirelli.
0:16 of 1st period - Shot Misses the Net.
0:32 of 1st period - Wrist shot by Drew Doughty.
0:32 of 1st period - Stopped by Alex Nedeljkovic with a rebound.
0:47 of 1st period - Icing by Mirco Mueller.
0:48 of 1st period - Jean-Sebastien Dea wins face-off versus Nail Yakupov in Lightning zone.
1:02 of 1st period - Snap shot by Nail Yakupov.
1:02 of 1st period - Stopped by Alex Nedeljkovic with a rebound.
1:42 of 1st period - Slapshot by Markus Nutivaara.
1:42 of 1st period - Stopped by Alex Nedeljkovic without a rebound.
1:43 of 1st period - Sean Monahan wins face-off versus Boone Jenner in Lightning zone.
1:50 of 1st period - Wrist shot by Anthony Cirelli.
1:50 of 1st period - Stopped by Malcolm Subban with a rebound.
2:35 of 1st period - Drew Doughty is hit by Jesper Fast and loses puck.
2:57 of 1st period - Slapshot by Drew Doughty.
2:57 of 1st period - Deflect By Anthony Cirelli.
2:57 of 1st period - Stopped by Alex Nedeljkovic without a rebound.
2:58 of 1st period - Sean Monahan wins face-off versus Max Domi in Lightning zone.
3:07 of 1st period - Snap shot by Lawson Crouse.
3:07 of 1st period - Shot Blocked by Markus Nutivaara.
3:30 of 1st period - Connor Murphy is hit by Miro Heiskanen and loses puck.
4:31 of 1st period - Backhand shot by Kyle Connor.
4:31 of 1st period - Stopped by Malcolm Subban with a rebound.
4:33 of 1st period - Slapshot by Miro Heiskanen.
4:33 of 1st period - Stopped by Malcolm Subban with a rebound.
4:35 of 1st period - Wrist shot by Kyle Connor.
4:35 of 1st period - Shot Blocked by Greg Stewart.
4:37 of 1st period - Wrist shot by Jean-Sebastien Dea.
4:37 of 1st period - Shot Misses the Net.
4:41 of 1st period - Snap shot by Kyle Connor.
4:41 of 1st period - Stopped by Malcolm Subban without a rebound.
4:42 of 1st period - Boone Jenner wins face-off versus Sean Monahan in Sharks zone.
6:34 of 1st period - Off-side.
6:35 of 1st period - Joel Eriksson Ek wins face-off versus Brendan Gaunce in neutral zone.
6:46 of 1st period - Snap shot by Drew Doughty.
6:46 of 1st period - Stopped by Alex Nedeljkovic with a rebound.
7:16 of 1st period - Wrist shot by Jonathan Drouin.
7:16 of 1st period - Stopped by Malcolm Subban without a rebound.
7:17 of 1st period - Boone Jenner wins face-off versus Jean-Sebastien Dea in Sharks zone.
7:58 of 1st period - Slapshot by Markus Nutivaara.
7:58 of 1st period - Deflect By Devin Shore.
7:58 of 1st period - Stopped by Alex Nedeljkovic with a rebound.
8:00 of 1st period - Snap shot by William Carrier.
8:00 of 1st period - Shot Misses the Net.
8:06 of 1st period - Wrist shot by Devin Shore.
8:06 of 1st period - Shot Misses the Net.
8:08 of 1st period - Snap shot by Markus Nutivaara.
8:08 of 1st period - Stopped by Alex Nedeljkovic with a rebound.
8:10 of 1st period - Slapshot by Connor Murphy.
8:10 of 1st period - Deflect By Devin Shore.
8:10 of 1st period - Shot Blocked by Dmitry Sinitsyn.
8:10 of 1st period - Puck is out of play.
8:11 of 1st period - Boone Jenner wins face-off versus Joel Eriksson Ek in Lightning zone.
8:27 of 1st period - Icing by Brandon Carlo.
8:28 of 1st period - Sean Monahan wins face-off versus Boone Jenner in Sharks zone.
8:39 of 1st period - Snap shot by Lawson Crouse.
8:39 of 1st period - Shot Blocked by Drew Doughty.
8:57 of 1st period - Snap shot by Boone Jenner.
8:57 of 1st period - Stopped by Alex Nedeljkovic with a rebound.
8:59 of 1st period - Slapshot by Conor Sheary.
8:59 of 1st period - Shot Misses the Net.
9:11 of 1st period - Slapshot by Conor Sheary.
9:11 of 1st period - Deflect By Boone Jenner.
9:11 of 1st period - Stopped by Alex Nedeljkovic without a rebound.
9:12 of 1st period - Max Domi wins face-off versus Sean Monahan in Lightning zone.
9:23 of 1st period - Snap shot by Ben Smith.
9:23 of 1st period - Deflect By Miro Heiskanen.
9:23 of 1st period - Stopped by Alex Nedeljkovic without a rebound.
9:24 of 1st period - Max Domi wins face-off versus Sean Monahan in Lightning zone.
9:34 of 1st period - Ben Smith is hit by Dmitry Sinitsyn and loses puck.
9:51 of 1st period - Backhand shot by Jean-Sebastien Dea.
9:51 of 1st period - Shot Misses the Net.
10:55 of 1st period - Snap shot by Jean-Sebastien Dea.
10:55 of 1st period - Stopped by Malcolm Subban with a rebound.
10:57 of 1st period - Slapshot by Gustav Lindstrom.
10:57 of 1st period - Shot Blocked by Charlie McAvoy.
10:59 of 1st period - Slapshot by Ryan Lindgren.
10:59 of 1st period - Stopped by Malcolm Subban without a rebound.
11:00 of 1st period - Conor Sheary wins face-off versus Jean-Sebastien Dea in Sharks zone.
12:46 of 1st period - Max Friberg is hit by Nail Yakupov and loses puck.
13:07 of 1st period - Snap shot by Alex DeBrincat.
13:07 of 1st period - Shot Misses the Net.
13:09 of 1st period - Wrist shot by Jonathan Drouin.
13:09 of 1st period - Goal by Jonathan Drouin - Lightning : 1 - Sharks : 0.
13:10 of 1st period - Sean Monahan wins face-off versus Max Domi in neutral zone.
13:13 of 1st period - Snap shot by Anthony Cirelli.
13:13 of 1st period - Shot Blocked by Brandon Carlo.
13:15 of 1st period - Snap shot by Anthony Cirelli.
13:15 of 1st period - Stopped by Malcolm Subban without a rebound.
13:16 of 1st period - Max Domi wins face-off versus Sean Monahan in Sharks zone.
14:13 of 1st period - Wrist shot by Devin Shore.
14:13 of 1st period - Shot Misses the Net.
14:29 of 1st period - Snap shot by Sean Monahan.
14:29 of 1st period - Shot Misses the Net.
14:43 of 1st period - Slapshot by Jonathan Drouin.
14:43 of 1st period - Deflect By MacKenzie Weegar.
14:43 of 1st period - Stopped by Malcolm Subban with a rebound.
15:12 of 1st period - Snap shot by Kurtis Macdermid.
15:12 of 1st period - Deflect By Boone Jenner.
15:12 of 1st period - Stopped by Alex Nedeljkovic with a rebound.
15:42 of 1st period - Joel Eriksson Ek is hit by Drew Doughty and loses puck.
16:22 of 1st period - Slapshot by Boone Jenner.
16:22 of 1st period - Deflect By Kurtis Macdermid.
16:22 of 1st period - Stopped by Alex Nedeljkovic without a rebound.
16:23 of 1st period - Max Domi wins face-off versus Joel Eriksson Ek in Lightning zone.
16:44 of 1st period - Jonathan Drouin is hit by Greg Stewart and loses puck.
16:58 of 1st period - Snap shot by Jonathan Drouin.
16:58 of 1st period - Shot Blocked by Brandon Carlo.
17:02 of 1st period - Snap shot by Jonathan Drouin.
17:02 of 1st period - Stopped by Malcolm Subban with a rebound.
17:08 of 1st period - Snap shot by Jonathan Drouin.
17:08 of 1st period - Shot Misses the Net.
17:10 of 1st period - Slapshot by Ryan Lindgren.
17:10 of 1st period - Stopped by Malcolm Subban without a rebound.
17:11 of 1st period - Sean Monahan wins face-off versus Boone Jenner in Sharks zone.
18:30 of 1st period - Brandon Hagel is hit by Drew Doughty and loses puck.
18:45 of 1st period - Wrist shot by Lawson Crouse.
18:45 of 1st period - Shot Misses the Net.
19:01 of 1st period - Wrist shot by Jonathan Drouin.
19:01 of 1st period - Shot Misses the Net.
19:18 of 1st period - Brendan Gaunce is hit by Alex DeBrincat and loses puck.
19:29 of 1st period - Wrist shot by Devin Shore.
19:29 of 1st period - Shot Misses the Net.
19:49 of 1st period - Dmitry Sinitsyn is hit by Max Domi and loses puck.
19:56 of 1st period - Wrist shot by Ben Smith.
19:56 of 1st period - Stopped by Alex Nedeljkovic with a rebound.
19:58 of 1st period - Snap shot by Max Domi.
19:58 of 1st period - Shot Misses the Net.
Goals for this period are 1 for Lightning vs 0 for Sharks.
Shots for this period are 15 for Lightning vs 13 for Sharks.
2nd period
0:01 of 2nd period - Sean Monahan wins face-off versus Max Domi in neutral zone.
0:27 of 2nd period - Joel Eriksson Ek is hit by Kurtis Macdermid and loses puck.
0:59 of 2nd period - Snap shot by Devin Shore.
0:59 of 2nd period - Shot Blocked by Mirco Mueller.
1:43 of 2nd period - Snap shot by Greg Stewart.
1:43 of 2nd period - Stopped by Alex Nedeljkovic without a rebound.
1:44 of 2nd period - Boone Jenner wins face-off versus Joel Eriksson Ek in Lightning zone.
2:26 of 2nd period - Minor Penalty to Ben Smith for Roughing.
2:27 of 2nd period - Max Domi wins face-off versus Sean Monahan in Sharks zone.
2:54 of 2nd period - Max Domi is hit by Alex DeBrincat and loses puck.
3:01 of 2nd period - Snap shot by Jonathan Drouin.
3:01 of 2nd period - Shot Blocked by Markus Nutivaara.
3:15 of 2nd period - Markus Nutivaara is hit by Sean Monahan and loses puck.
4:14 of 2nd period - Brandon Carlo is hit by Joel Eriksson Ek and loses puck.
4:26 of 2nd period - Penalty to Ben Smith is over, Ben Smith is back on ice.
5:01 of 2nd period - Wrist shot by Brandon Hagel.
5:01 of 2nd period - Shot Blocked by Charlie McAvoy.
5:03 of 2nd period - Slapshot by Miro Heiskanen.
5:03 of 2nd period - Shot Blocked by MacKenzie Weegar.
5:05 of 2nd period - Wrist shot by Maxime Comtois.
5:05 of 2nd period - Stopped by Malcolm Subban with a rebound.
5:07 of 2nd period - Snap shot by Mirco Mueller.
5:07 of 2nd period - Stopped by Malcolm Subban without a rebound.
5:08 of 2nd period - Devin Shore wins face-off versus Lawson Crouse in Sharks zone.
5:38 of 2nd period - Snap shot by Greg Stewart.
5:38 of 2nd period - Deflect By Ben Smith.
5:38 of 2nd period - Shot Misses the Net.
5:38 of 2nd period - Puck is out of play.
5:39 of 2nd period - Joel Eriksson Ek wins face-off versus Greg Stewart in Lightning zone.
6:08 of 2nd period - Snap shot by Ben Smith.
6:08 of 2nd period - Deflect By Jonathan Drouin.
6:08 of 2nd period - Stopped by Alex Nedeljkovic without a rebound.
6:09 of 2nd period - Sean Monahan wins face-off versus Boone Jenner in Lightning zone.
6:18 of 2nd period - Sean Monahan is hit by Boone Jenner and loses puck.
6:39 of 2nd period - Wrist shot by Devin Shore.
6:39 of 2nd period - Shot Blocked by Dmitry Sinitsyn.
6:41 of 2nd period - Slapshot by MacKenzie Weegar.
6:41 of 2nd period - Deflect By Dmitry Sinitsyn.
6:41 of 2nd period - Stopped by Alex Nedeljkovic without a rebound.
6:42 of 2nd period - Sean Monahan wins face-off versus Devin Shore in Lightning zone.
7:13 of 2nd period - Icing by Ben Hutton.
7:14 of 2nd period - Joel Eriksson Ek wins face-off versus Max Domi in Lightning zone.
8:13 of 2nd period - Markus Nutivaara is hit by Dmitry Sinitsyn and loses puck.
8:32 of 2nd period - Snap shot by Jonathan Drouin.
8:32 of 2nd period - Stopped by Malcolm Subban with a rebound.
8:43 of 2nd period - Minor Penalty to Greg Stewart for Hooking.
8:44 of 2nd period - Sean Monahan wins face-off versus Conor Sheary in Sharks zone.
8:58 of 2nd period - Snap shot by Boone Jenner.
8:58 of 2nd period - Shot Misses the Net.
9:41 of 2nd period - Boone Jenner is hit by Dmitry Sinitsyn and loses puck.
10:43 of 2nd period - Penalty to Greg Stewart is over, Greg Stewart is back on ice.
10:49 of 2nd period - Charlie McAvoy is hit by Dmitry Sinitsyn and loses puck.
13:33 of 2nd period - Mirco Mueller is hit by Ben Smith and loses puck.
13:48 of 2nd period - Markus Nutivaara is hit by Mirco Mueller and loses puck.
13:59 of 2nd period - Wrist shot by Devin Shore.
13:59 of 2nd period - Shot Misses the Net.
14:01 of 2nd period - Snap shot by Boone Jenner.
14:01 of 2nd period - Shot Blocked by Ben Hutton.
14:03 of 2nd period - Snap shot by Conor Sheary.
14:03 of 2nd period - Shot Misses the Net.
14:50 of 2nd period - William Carrier is hit by Sean Monahan and loses puck.
15:06 of 2nd period - Conor Sheary is hit by Miro Heiskanen and loses puck.
16:01 of 2nd period - Brendan Gaunce is hit by Max Friberg and loses puck.
16:14 of 2nd period - Charlie McAvoy is hit by Joel Eriksson Ek and loses puck.
17:03 of 2nd period - MacKenzie Weegar is hit by Dmitry Sinitsyn and loses puck.
17:14 of 2nd period - Max Domi is hit by Jonathan Drouin and loses puck.
17:32 of 2nd period - Jesper Fast is hit by Boone Jenner and loses puck.
17:47 of 2nd period - Connor Murphy is hit by Miro Heiskanen and loses puck.
18:02 of 2nd period - Oscar Sundqvist is hit by Jean-Sebastien Dea and loses puck.
19:27 of 2nd period - Jesper Fast is hit by Greg Stewart and loses puck.
19:50 of 2nd period - Mirco Mueller is hit by Conor Sheary and loses puck.
Goals for this period are 0 for Lightning vs 0 for Sharks.
Shots for this period are 3 for Lightning vs 3 for Sharks.
3rd period
0:01 of 3rd period - Boone Jenner wins face-off versus Sean Monahan in neutral zone.
0:05 of 3rd period - Off-side.
0:06 of 3rd period - Boone Jenner wins face-off versus Sean Monahan in neutral zone.
0:09 of 3rd period - Snap shot by Conor Sheary.
0:09 of 3rd period - Stopped by Alex Nedeljkovic with a rebound.
1:09 of 3rd period - Slapshot by Alex DeBrincat.
1:09 of 3rd period - Shot Misses the Net.
1:27 of 3rd period - Slapshot by Jean-Sebastien Dea.
1:27 of 3rd period - Stopped by Malcolm Subban without a rebound.
1:28 of 3rd period - Jonathan Drouin wins face-off versus Kurtis Macdermid in Sharks zone.
1:29 of 3rd period - Slapshot by Joel Eriksson Ek.
1:29 of 3rd period - Shot Blocked by MacKenzie Weegar.
1:31 of 3rd period - Slapshot by Mirco Mueller.
1:31 of 3rd period - Stopped by Malcolm Subban without a rebound.
1:32 of 3rd period - Boone Jenner wins face-off versus Joel Eriksson Ek in Sharks zone.
1:32 of 3rd period - Boone Jenner is hit by Joel Eriksson Ek.
1:43 of 3rd period - MacKenzie Weegar is hit by Alex DeBrincat and loses puck.
2:00 of 3rd period - Snap shot by Max Domi.
2:00 of 3rd period - Stopped by Alex Nedeljkovic with a rebound.
2:02 of 3rd period - Snap shot by Greg Stewart.
2:02 of 3rd period - Shot Blocked by Lawson Crouse.
2:33 of 3rd period - Minor Penalty to Jean-Sebastien Dea for Tripping.
2:34 of 3rd period - Lawson Crouse wins face-off versus Max Domi in Lightning zone.
2:47 of 3rd period - Snap shot by Max Domi.
2:47 of 3rd period - Shot Blocked by Dmitry Sinitsyn.
2:49 of 3rd period - Snap shot by Max Domi.
2:49 of 3rd period - Stopped by Alex Nedeljkovic without a rebound.
2:50 of 3rd period - Max Domi wins face-off versus Lawson Crouse in Lightning zone.
2:59 of 3rd period - Wrist shot by Ben Smith.
2:59 of 3rd period - Shot Hit the Post.
3:17 of 3rd period - Dmitry Sinitsyn is hit by Boone Jenner.
4:33 of 3rd period - Penalty to Jean-Sebastien Dea is over, Jean-Sebastien Dea is back on ice.
4:40 of 3rd period - Off-side.
4:41 of 3rd period - Joel Eriksson Ek wins face-off versus William Carrier in neutral zone.
4:46 of 3rd period - Slapshot by Jonathan Drouin.
4:46 of 3rd period - Shot Hit the Post.
4:57 of 3rd period - Icing by Gustav Lindstrom.
4:58 of 3rd period - Joel Eriksson Ek wins face-off versus Max Domi in Lightning zone.
5:00 of 3rd period - Icing by Alex DeBrincat.
5:01 of 3rd period - Max Domi wins face-off versus Joel Eriksson Ek in Lightning zone.
5:20 of 3rd period - Wrist shot by Joel Eriksson Ek.
5:20 of 3rd period - Stopped by Malcolm Subban without a rebound.
5:21 of 3rd period - Boone Jenner wins face-off versus Anthony Cirelli in Sharks zone.
5:34 of 3rd period - Slapshot by Sean Monahan.
5:34 of 3rd period - Stopped by Malcolm Subban with a rebound.
5:40 of 3rd period - Ben Hutton is hit by Conor Sheary and loses puck.
6:07 of 3rd period - Minor Penalty to Joel Eriksson Ek for Tripping.
6:08 of 3rd period - Lawson Crouse wins face-off versus Max Domi in Lightning zone.
6:23 of 3rd period - Snap shot by Greg Stewart.
6:23 of 3rd period - Stopped by Alex Nedeljkovic with a rebound.
6:25 of 3rd period - Wrist shot by Ben Smith.
6:25 of 3rd period - Deflect By Mirco Mueller.
6:25 of 3rd period - Stopped by Alex Nedeljkovic without a rebound.
6:26 of 3rd period - Boone Jenner wins face-off versus Lawson Crouse in Lightning zone.
6:56 of 3rd period - Off-side.
6:57 of 3rd period - Anthony Cirelli wins face-off versus Max Domi in neutral zone.
7:32 of 3rd period - Slapshot by Markus Nutivaara.
7:32 of 3rd period - Shot Blocked by Miro Heiskanen.
8:07 of 3rd period - Penalty to Joel Eriksson Ek is over, Joel Eriksson Ek is back on ice.
8:12 of 3rd period - Slapshot by Sean Monahan.
8:12 of 3rd period - Stopped by Malcolm Subban with a rebound.
8:36 of 3rd period - Snap shot by Kyle Connor.
8:36 of 3rd period - Deflect By Max Friberg.
8:36 of 3rd period - Shot Blocked by Drew Doughty.
8:36 of 3rd period - Puck is out of play.
8:37 of 3rd period - Boone Jenner wins face-off versus Jean-Sebastien Dea in Sharks zone.
8:50 of 3rd period - Conor Sheary is hit by Gustav Lindstrom and loses puck.
9:17 of 3rd period - Snap shot by Jonathan Drouin.
9:17 of 3rd period - Stopped by Malcolm Subban without a rebound.
9:18 of 3rd period - Max Domi wins face-off versus Lawson Crouse in Sharks zone.
9:18 of 3rd period - Max Domi is hit by Dmitry Sinitsyn.
9:33 of 3rd period - Wrist shot by Ben Smith.
9:33 of 3rd period - Stopped by Alex Nedeljkovic without a rebound.
9:34 of 3rd period - Jonathan Drouin wins face-off versus Boone Jenner in Lightning zone.
9:41 of 3rd period - Slapshot by Jonathan Drouin.
9:41 of 3rd period - Shot Misses the Net.
9:43 of 3rd period - Wrist shot by Jonathan Drouin.
9:43 of 3rd period - Shot Misses the Net.
9:47 of 3rd period - Snap shot by Alex DeBrincat.
9:47 of 3rd period - Deflect By Joel Eriksson Ek.
9:47 of 3rd period - Shot Misses the Net.
9:47 of 3rd period - Puck is out of play.
9:48 of 3rd period - Max Domi wins face-off versus Lawson Crouse in Sharks zone.
10:16 of 3rd period - Snap shot by Jean-Sebastien Dea.
10:16 of 3rd period - Stopped by Malcolm Subban with a rebound.
10:18 of 3rd period - Snap shot by Jean-Sebastien Dea.
10:18 of 3rd period - Shot Misses the Net.
10:20 of 3rd period - Snap shot by Miro Heiskanen.
10:20 of 3rd period - Stopped by Malcolm Subban with a rebound.
12:24 of 3rd period - Snap shot by William Carrier.
12:24 of 3rd period - Deflect By Devin Shore.
12:24 of 3rd period - Goal by Devin Shore - Lightning : 1 - Sharks : 1.
12:25 of 3rd period - Max Domi wins face-off versus Lawson Crouse in neutral zone.
12:32 of 3rd period - Snap shot by Max Domi.
12:32 of 3rd period - Shot Misses the Net.
12:50 of 3rd period - Alex DeBrincat is hit by Boone Jenner and loses puck.
13:13 of 3rd period - Slapshot by Charlie McAvoy.
13:13 of 3rd period - Shot Blocked by Ryan Lindgren.
13:15 of 3rd period - Snap shot by Brendan Gaunce.
13:15 of 3rd period - Stopped by Alex Nedeljkovic without a rebound.
13:16 of 3rd period - Brendan Gaunce wins face-off versus Sean Monahan in Lightning zone.
13:42 of 3rd period - Drew Doughty is hit by Jonathan Drouin.
13:57 of 3rd period - Minor Penalty to Joel Eriksson Ek for Tripping.
13:58 of 3rd period - Max Domi wins face-off versus Lawson Crouse in Lightning zone.
14:04 of 3rd period - Snap shot by Max Domi.
14:04 of 3rd period - Stopped by Alex Nedeljkovic without a rebound.
14:05 of 3rd period - Max Domi wins face-off versus Lawson Crouse in Lightning zone.
14:12 of 3rd period - Slapshot by Drew Doughty.
14:12 of 3rd period - Shot Misses the Net.
14:14 of 3rd period - Snap shot by Greg Stewart.
14:14 of 3rd period - Stopped by Alex Nedeljkovic without a rebound.
14:15 of 3rd period - Max Domi wins face-off versus Lawson Crouse in Lightning zone.
14:30 of 3rd period - Slapshot by Ben Smith.
14:30 of 3rd period - Shot Blocked by Dmitry Sinitsyn.
14:32 of 3rd period - Snap shot by Ben Smith.
14:32 of 3rd period - Shot Misses the Net.
15:30 of 3rd period - Drew Doughty is hit by Jonathan Drouin and loses puck.
15:57 of 3rd period - Penalty to Joel Eriksson Ek is over, Joel Eriksson Ek is back on ice.
16:10 of 3rd period - Wrist shot by Alex DeBrincat.
16:10 of 3rd period - Shot Misses the Net.
16:34 of 3rd period - Wrist shot by Vince Hinostroza.
16:34 of 3rd period - Shot Misses the Net.
16:51 of 3rd period - Minor Penalty to Connor Murphy for Cross-checking.
16:52 of 3rd period - Max Domi wins face-off versus Sean Monahan in Sharks zone.
18:51 of 3rd period - Penalty to Connor Murphy is over, Connor Murphy is back on ice.
19:08 of 3rd period - Drew Doughty is hit by Maxime Comtois.
Goals for this period are 0 for Lightning vs 1 for Sharks.
Shots for this period are 8 for Lightning vs 10 for Sharks.
Overtime #1
0:01 of 1st overtime period - Max Domi wins face-off versus Anthony Cirelli in neutral zone.
0:30 of 1st overtime period - Slapshot by Brandon Carlo.
0:30 of 1st overtime period - Deflect By Conor Sheary.
0:30 of 1st overtime period - Stopped by Alex Nedeljkovic with a rebound.
0:32 of 1st overtime period - Wrist shot by Conor Sheary.
0:32 of 1st overtime period - Shot Hit the Post.
0:34 of 1st overtime period - Slapshot by Conor Sheary.
0:34 of 1st overtime period - Shot Blocked by Dmitry Sinitsyn.
0:36 of 1st overtime period - Snap shot by Conor Sheary.
0:36 of 1st overtime period - Goal by Conor Sheary - Lightning : 1 - Sharks : 2.
Goals for this period are 0 for Lightning vs 1 for Sharks.
Shots for this period are 0 for Lightning vs 2 for Sharks.